 Dungeon Crawl Stone Soup version 0.25-a0-576-g50b708a4c4 (webtiles) character file.

Game seed: 18157654342469204289, levelgen mode: deterministic

46561 Flugslaktarn the Pandemonic (level 14, -1/132 HPs)
             Began as a Deep Dwarf Fighter on Mar 1, 2020.
             Was a High Priest of Makhleb.
             Slain by the 27-headed Lernaean hydra (3 damage)
             ... on level 4 of the Swamp.
             The game lasted 00:09:31 (10459 turns).

Flugslaktarn the Pandemonic (Deep Dwarf Fighter)   Turns: 10459, Time: 00:09:32

Health: -1/132     AC: 24    Str: 30    XL:     14   Next: 5%
Magic:  6/6        EV: 16    Int: 11    God:    Makhleb [*****.]
Gold:   693        SH: 13    Dex: 14    Spells: 13/13 levels left

rFire    + . .     SeeInvis .   O - +5 broad axe (elec)
rCold    . . .     Gourm    .   c - +0 kite shield
rNeg     + . .     Faith    .   u - +3 chain mail {rF+}
rPois    .         Spirit   .   (no helmet)
rElec    .         Reflect  .   x - +2 cloak
rCorr    +         Harm     .   m - +2 pair of gloves {Str+3}
MR       ++...                  K - +1 pair of boots "Xiafeluf" {Str+4 Dex+2}
Stlth    ..........             B - amulet of rage
HPRegen  0.00/turn              a - ring of Phasing {EV+8}
MPRegen  0.10/turn              k - ring of resist corrosion

@: lethally poisoned (-1 -> -2), very slightly contaminated, non-regenerating
A: damage resistance, heal wounds, negative energy resistance 1, sense
surroundings 2, no regeneration
a: Heal Wounds, Minor Destruction, Lesser Servant of Makhleb, Major Destruction,
Greater Servant of Makhleb, Renounce Religion, Evoke Berserk Rage


You were on level 4 of the Swamp.
You worshipped Makhleb.
Makhleb was extremely pleased with you.
You were not hungry.

You visited 3 branches of the dungeon, and saw 18 of its levels.
You also visited: Ossuary and Gauntlet.

You collected 858 gold pieces.
You spent 165 gold pieces at shops.

Inventory:

Hand Weapons
 O - a +5 broad axe of electrocution (weapon)
   (You acquired it on level 7 of the Dungeon)
Armour
 b - a +0 scale mail
 c - a +0 kite shield (worn)
 m - a +2 pair of gloves of strength (worn)
   (You found it in a Gauntlet)
 u - a +3 chain mail of fire resistance (worn)
   (You bought it in a shop on level 4 of the Dungeon)
 x - a +2 cloak (worn)
   (You found it on level 6 of the Dungeon)
 C - a scarf of resistance
   (You found it on level 7 of the Dungeon)
 K - the +1 pair of boots "Xiafeluf" (worn) {Str+4 Dex+2}
   (You found it in a Gauntlet)

   It affects your strength (+4).
   It affects your dexterity (+2).
   If you remove this armour, your AC will decrease by 3 (24 -> 21).
Jewellery
 a - the ring of Phasing (left hand) {EV+8}
   (You acquired it in a Gauntlet)

   [ring of evasion]

   It affects your evasion (+8).
 j - an uncursed ring of ice
   (You found it on level 3 of the Dungeon)
 k - a ring of resist corrosion (right hand)
   (You found it on level 4 of the Dungeon)
 B - an amulet of rage (around neck)
   (You found it on level 4 of the Dungeon)
 P - an uncursed ring of fire
   (You found it on level 6 of the Lair of Beasts)
Wands
 h - a wand of iceblast (5)
   (You found it on level 1 of the Lair of Beasts)
 p - a wand of enslavement (13)
   (You found it on level 4 of the Dungeon)
 v - a wand of digging (17)
   (You found it on level 1 of the Lair of Beasts)
 I - a wand of scattershot (1)
   (You found it on level 3 of the Lair of Beasts)
 J - a wand of acid (5)
   (You found it on level 3 of the Lair of Beasts)
Scrolls
 g - a scroll of magic mapping
 l - 3 scrolls of remove curse
 t - 5 scrolls of teleportation
 y - a scroll of fear
 D - 2 scrolls of immolation
 F - a scroll of fog
 L - a scroll of silence
Potions
 d - a potion of might
 f - 5 potions of mutation
 n - 3 potions of resistance
 o - 3 potions of flight
 q - 3 potions of curing
 s - 5 potions of lignification
 w - 3 potions of heal wounds
 A - 2 potions of brilliance
 E - 2 potions of ambrosia {unknown}
 G - 2 potions of stabbing {unknown}
Miscellaneous
 H - a lamp of fire
   (You found it in a Gauntlet)
Comestibles
 e - 28 rations


   Skills:
 * Level 10.3 Fighting
 * Level 14.3 Axes
 + Level 10.7 Armour
 + Level 10.9 Shields
 - Level 15.1 Invocations


You had 13 spell levels left.
You didn't know any spells.
Your spell library was empty.

Dungeon Overview and Level Annotations

Branches:
Dungeon (8/15)             Temple (0/1) D:5            Lair (6/6) D:8
  Swamp (4/4) Lair:4        Snake (0/4) Lair:3        Slime (0/5) Lair:5
Ossuary (visited)         Gauntlet (visited)

Altars:
Makhleb
Zin
The Shining One
Jiyva

Shops:
D:4 [   D:7 [

Annotations:
D:4 2 runed translucent doors, zikan's ghost, amateur MfSk
Lair:6 exclusion: oklob plant
Swamp:4 Lernaean hydra


Innate Abilities, Weirdness & Mutations

You are resistant to damage.
You can heal yourself by infusing magical energy.
You resist negative energy. (rN+)
You passively map the area around you.
You do not regenerate.


Message History

The 27-headed Lernaean hydra completely misses you.
The 27-headed Lernaean hydra bites you but does no damage.
The 27-headed Lernaean hydra barely misses you.
The 27-headed Lernaean hydra bites you but does no damage.
You block the 27-headed Lernaean hydra's attack.
The 27-headed Lernaean hydra misses you.
The 27-headed Lernaean hydra bites you but does no damage.
The 27-headed Lernaean hydra bites you!
* * * LOW HITPOINT WARNING * * *
The 27-headed Lernaean hydra bites you but does no damage.
The 27-headed Lernaean hydra bites you!
* * * LOW HITPOINT WARNING * * *
You block the 27-headed Lernaean hydra's attack.
The 27-headed Lernaean hydra bites you!
* * * LOW HITPOINT WARNING * * *
The 27-headed Lernaean hydra bites you!
* * * LOW HITPOINT WARNING * * *
The 27-headed Lernaean hydra bites you but does no damage.
The 27-headed Lernaean hydra bites you.
You die...

≈≈.≈≈≈≈≈≈≈≈≈♣ ♣..♣♣ ♣.≈♣*≈ ,
...≈≈≈≈≈≈≈≈≈♣ ♣♣♣ ♣♣..♣≈,≈
....§≈≈.≈.≈♣♣♣♣♣.♣♣.§.♣ ≈ ,
♣.≈≈≈.≈≈.♣♣≈≈.≈≈≈..≈≈♣ ≈≈
♣≈≈.♣.≈.♣♣≈†..≈≈.≈.≈.♣ ♣
≈≈≈,*
♣..♣♣...♣♣.≈≈.≈♣≈....♣≈♣☼§≈≈,
♣♣♣♣♣♣♣♣♣≈≈≈≈≈§≈§...♣♣.%.?≈≈≈
*** ♣♣.≈≈≈≈.≈♣.♣♣†°≈≈.≈≈≈ *
♣.≈≈≈≈≈@D2.○≈≈≈≈≈≈≈ * *
♣.≈≈.≈≈≈n≈.†☼≈≈≈§≈≈ * *,
...♣♣.≈≈≈§☼☼♣%°≈≈..≈ ≈≈≈≈
♣♣.≈.☼○§○.≈≈.≈♣♣ * , .≈≈.
*♣♣♣..○☼..[≈≈.≈♣ * , , *♣♣ *
♣≈≈♣♣≈≈♣≈♣.(≈≈ ≈ , * ,≈ *
*♣♣♣♣≈).♣.≈♣≈.≈≈ ≈ *
.≈≈.....≈♣ ≈ ≈ ≈ ≈ , *


You could see the 27-headed Lernaean hydra, a bog body and a friendly green
death.

Vanquished Creatures
  A minotaur (Gauntlet)
  5 hydras
  2 alligators
  3 death yaks (D:8)
  Sonja (Lair:4)
  A fire crab (Gauntlet)
  2 swamp dragons (Swamp:4)
  An orange crystal statue (Gauntlet)
  5 elephants (Lair:4)
  A black mamba (Lair:3)
  2 rime drakes
  A torpor snail (Lair:3)
  9 komodo dragons
  19 spiny frogs
  6 hornets
  5 tyrant leeches
  6 polar bears (Lair:6)
  A blink frog (Lair:6)
  6 bog bodies
  2 hippogriffs (Lair:6)
  2 dream sheep (Lair:6)
  16 spriggans
  2 shadows
  3 fire bats (Gauntlet)
  A wyvern (Lair:2)
  24 yaks
  A basilisk (Lair:6)
  8 vampire mosquitoes
  Menkaure (D:7)
  7 swamp worms
  15 water moccasins
  11 porcupines
  Duvessa (D:7)
  6 swamp drakes
  2 orc warriors (D:6)
  A phantom (D:4)
  A sky beast (D:6)
  2 black bears
  An ice beast (D:6)
  23 wolves
  2 ogres
  3 boggarts (Lair:6)
  4 centaurs
  6 crocodiles
  2 gnoll sergeants (D:7)
  Blork the orc (D:7)
  16 bullfrogs
  5 water moccasin zombies (Ossuary)
  Dowan (D:7)
  A scorpion (D:7)
  10 killer bees (D:7)
  A wight (D:7)
  2 electric eels
  A crimson imp (D:6)
  2 centaur zombies (D:6)
  Crazy Yiuf (D:7)
  2 hounds
  A jelly (D:5)
  13 orc wizards
  A centaur skeleton (D:5)
  4 orc priests
  A bullfrog skeleton (D:4)
  2 iguanas
  A hell rat (D:8)
  8 worker ants
  A killer bee zombie (D:7)
  3 big kobold zombies (Ossuary)
  2 mummies (Ossuary)
  6 gnolls
  A howler monkey skeleton (D:4)
  11 adders
  A river rat (D:8)
  2 adder skeletons
  3 adder zombies
  A dart slug (D:2)
  5 leopard geckos
  26 orcs
  2 ball pythons (Lair:3)
  A bat (D:3)
  2 giant cockroaches
  A goblin (D:1)
  8 jackals
  A kobold (D:2)
  3 quokkas
  4 gnoll zombies (Ossuary)
  A goblin zombie (D:7)
  6 hobgoblin zombies (Ossuary)
  2 kobold zombies (Ossuary)
  A leopard gecko zombie (D:7)
  6 orc zombies (Ossuary)
  2 rats
  A rat zombie (D:7)
  2 fungi
  8 plants
411 creatures vanquished.

Vanquished Creatures (collateral kills)
  2 hydras
  A swamp dragon (Swamp:4)
3 creatures vanquished.

Vanquished Creatures (others)
  A swamp drake (Swamp:1)
  6 fungi
  A plant (Lair:6)
8 creatures vanquished.

Grand Total: 422 creatures vanquished

Notes
Turn   | Place    | Note
-------+----------+-------------------------------------------
     0 | D:1      | Flugslaktarn the Deep Dwarf Fighter began the quest for the
                  | Orb.
     0 | D:1      | Reached XP level 1. HP: 20/20 MP: 1/1
   149 | D:2      | Reached XP level 2. HP: 25/27 MP: 2/2
   154 | D:2      | Reached XP level 3. HP: 20/34 MP: 3/3
   531 | D:4      | Reached XP level 4. HP: 38/42 MP: 3/3
   586 | D:5      | Entered Level 5 of the Dungeon
   610 | D:5      | Reached XP level 5. HP: 30/49 MP: 4/4
   638 | D:4      | Noticed a phantom
   694 | D:4      | Killed a phantom
   712 | D:4      | Reached XP level 6. HP: 48/56 MP: 5/5
   937 | D:4      | Reached skill level 5 in Axes
  1070 | D:4      | Found a large runed translucent door.
  1072 | D:4      | Found a large runed translucent door.
  1072 | D:4      | Noticed zikan's ghost (amateur MfSk)
  1160 | D:4      | Found Teluuh's Antique Armour Shoppe.
  1191 | D:4      | Found a burning altar of Makhleb.
  1191 | D:4      | Noticed a green death
  1194 | D:4      | Noticed a smoke demon
  1194 | D:4      | Noticed a smoke demon
  1428 | D:4      | Became a worshipper of Makhleb the Destroyer
  1507 | D:5      | Reached XP level 7. HP: 40/64 MP: 6/6
  1615 | D:5      | Found a staircase to the Ecumenical Temple.
  1775 | D:5      | Reached skill level 5 in Armour
  1775 | D:5      | Reached skill level 5 in Shields
  1775 | D:5      | Reached skill level 1 in Invocations
  1882 | D:5      | Found a glowing silver altar of Zin.
  1889 | D:5      | Reached * piety under Makhleb
  2071 | D:4      | Bought a shiny chain mail for 165 gold pieces
  2141 | D:6      | Reached skill level 2 in Invocations
  2245 | D:6      | Reached XP level 8. HP: 62/73 MP: 5/7
  2257 | D:6      | Reached skill level 3 in Invocations
  2401 | D:6      | Reached skill level 4 in Invocations
  2432 | D:6      | Found the +6 lightning scales {run, rElec}
  2501 | D:6      | Reached skill level 5 in Fighting
  2856 | D:7      | Reached ** piety under Makhleb
  2856 | D:7      | Gained mutation: You passively map the area around you.
                  | [Deep Dwarf growth]
  2856 | D:7      | Reached XP level 9. HP: 65/81 MP: 4/4
  2868 | D:7      | Noticed Blork the orc
  2901 | D:7      | Killed Blork the orc
  2901 | D:7      | Reached skill level 5 in Invocations
  2936 | D:7      | Found a glowing golden altar of the Shining One.
  2944 | D:7      | Noticed Dowan
  2945 | D:7      | Noticed Duvessa
  2973 | D:7      | Killed Duvessa
  2979 | D:7      | Killed Dowan
  3009 | D:7      | Paralysed by a hornet for 1 turns
  3022 | D:7      | Paralysed by a hornet for 1 turns
  3181 | D:7      | Reached skill level 6 in Invocations
  3235 | D:7      | Found Opeom's Antique Armour Emporium.
  3236 | D:7      | Noticed Menkaure
  3249 | D:7      | Killed Menkaure
  3253 | D:7      | Found a sand-covered staircase.
  3271 | Ossuary  | Entered an ossuary
  3291 | Ossuary  | Reached *** piety under Makhleb
  3439 | Ossuary  | Reached XP level 10. HP: 91/91 MP: 3/3
  3494 | D:7      | Identified a scroll of acquirement
  3494 | D:7      | Identified the ring of Efaph {MP+9 Int+4} (You acquired it
                  | on level 7 of the Dungeon)
  3738 | D:7      | Found a runed translucent door.
  3739 | D:7      | Noticed Crazy Yiuf
  3923 | D:7      | Killed Crazy Yiuf
  4015 | D:8      | Noticed a death yak
  4018 | D:8      | Noticed a death yak
  4022 | D:8      | Noticed a death yak
  4029 | D:8      | Killed a death yak
  4029 | D:8      | Reached **** piety under Makhleb
  4029 | D:8      | Reached skill level 10 in Axes
  4039 | D:8      | Killed a death yak
  4039 | D:8      | Reached skill level 7 in Invocations
  4045 | D:8      | Killed a death yak
  4050 | D:8      | Found a staircase to the Lair.
  4077 | Lair:1   | Entered Level 1 of the Lair of Beasts
  4485 | Lair:1   | Reached skill level 8 in Invocations
  4804 | Lair:2   | Reached XP level 11. HP: 100/100 MP: 6/6
  5658 | Lair:3   | Found a gate leading to a gauntlet.
  5711 | Lair:3   | Reached skill level 9 in Invocations
  5737 | Gauntlet | Entered a Gauntlet
  5737 | Gauntlet | Found a transporter.
  5744 | Gauntlet | Found a transporter.
  5746 | Gauntlet | Found a transporter.
  5749 | Gauntlet | Noticed a fire crab
  5755 | Gauntlet | Found a transporter.
  5757 | Gauntlet | Found a transporter.
  5759 | Gauntlet | Noticed an orange crystal statue
  5762 | Gauntlet | Noticed a death yak
  5776 | Gauntlet | Found a transporter.
  5780 | Gauntlet | Noticed a death yak
  5781 | Gauntlet | Noticed a death yak
  5782 | Gauntlet | Found a runed translucent gate.
  5783 | Gauntlet | Found a transporter.
  5783 | Gauntlet | Found a runed translucent gate.
  5784 | Gauntlet | Found a runed translucent gate.
  5793 | Gauntlet | Found a transporter.
  5802 | Gauntlet | Found a runed translucent door.
  5802 | Gauntlet | Noticed an obsidian statue
  5803 | Gauntlet | Found a runed translucent door.
  5803 | Gauntlet | Found a transporter.
  5808 | Gauntlet | Found a transporter.
  5808 | Gauntlet | Found a transporter.
  5824 | Gauntlet | Noticed a necromancer
  5836 | Gauntlet | Found a transporter.
  5836 | Gauntlet | Found a transporter.
  5894 | Gauntlet | Found a transporter.
  6030 | Gauntlet | Killed a fire crab
  6034 | Gauntlet | Reached ***** piety under Makhleb
  6076 | Gauntlet | Noticed a large abomination
  6076 | Gauntlet | Killed an orange crystal statue
  6144 | Gauntlet | Got a pair of twisted boots
  6155 | Gauntlet | Identified the +1 pair of boots "Xiafeluf" {Str+4 Dex+2}
                  | (You found it in a Gauntlet)
  6156 | Gauntlet | Found the ring of Phasing {EV+8}
  6173 | Gauntlet | Noticed a minotaur
  6187 | Gauntlet | Killed a minotaur
  6397 | Lair:3   | Found a staircase to the Snake Pit.
  6414 | Lair:3   | Reached skill level 10 in Invocations
  6665 | Lair:3   | Reached XP level 12. HP: 110/110 MP: 1/1
  6938 | Lair:4   | Found a staircase to the Swamp.
  6951 | Lair:4   | Noticed a five-headed hydra
  6964 | Lair:4   | Killed a 14-headed hydra
  6964 | Lair:4   | Reached skill level 11 in Invocations
  7055 | Lair:4   | Reached skill level 12 in Invocations
  7120 | Lair:4   | Reached skill level 13 in Invocations
  7324 | Lair:4   | Noticed Sonja
  7328 | Lair:4   | Killed Sonja
  7759 | Lair:5   | Reached skill level 14 in Invocations
  7939 | Lair:5   | Noticed a four-headed hydra
  7953 | Lair:5   | Killed a seven-headed hydra
  7955 | Lair:5   | Noticed a seven-headed hydra
  7967 | Lair:5   | Killed a 15-headed hydra
  8065 | Lair:5   | Found a staircase to the Slime Pits.
  8066 | Lair:5   | Found a viscous altar of Jiyva.
  8337 | Lair:5   | Reached skill level 15 in Invocations
  8547 | Lair:6   | Entered Level 6 of the Lair of Beasts
  8844 | Lair:6   | Reached XP level 13. HP: 118/118 MP: 6/6
  8919 | Lair:6   | Reached skill level 10 in Shields
  9285 | Lair:6   | Reached skill level 10 in Armour
  9898 | Swamp:1  | Entered Level 1 of the Swamp
 10166 | Swamp:2  | Reached ****** piety under Makhleb
 10271 | Swamp:3  | Reached skill level 10 in Fighting
 10358 | Swamp:4  | Entered Level 4 of the Swamp
 10429 | Swamp:4  | Gained mutation: You resist negative energy. (rN+) [Deep
                  | Dwarf growth]
 10429 | Swamp:4  | Reached XP level 14. HP: 132/132 MP: 6/6
 10442 | Swamp:4  | Noticed the 27-headed Lernaean hydra
 10459 | Swamp:4  | HP: 2/132 [the 27-headed Lernaean hydra (7)]
 10459 | Swamp:4  | Slain by the 27-headed Lernaean hydra

Levels and vault maps discovered:
D:1:      giann_wishing_wells, layout_basic, minmay_misc_feat_secret_circle
D:2:      layout_loops_ring, overflow_temple_1_default
D:3:      layout_loops_corners, old_standard_altar,
          chequers_temple_overflow_minitemple, first_ration
D:4:      layout_loops_corners, makhleb_altar_promises_db, serial_shops, shop,
          ebering_ghost_disaster_area
D:5:      layout_rooms, zin_academy, minmay_temple_entry_statues,
          minmay_misc_feat_x
D:6:      layout_cave_pools
D:7:      layout_rooms, kennysheep_little_box, serial_shops, shop,
          enter_ossuary_3, sword_in_stone, uniq_menkaure, uniq_duvessa,
          uniq_crazy_yiuf_cottage
D:8:      layout_cave_pods, cheibriados_altar_1, trog_ov_bears_minmay,
          dancing_weapons_uskayaw, dpeg_lair_monsters
Lair:1:   layout_hall_layers, hibernation_bobbens
Lair:2:   layout_loops_ring
Lair:3:   layout_regular_city, minmay_snake_entry_six_corridors,
          gauntlet_entry_generic, lemuel_fruit_tree, serial_bayou_shore_a,
          serial_bayou_shore_b
Lair:4:   layout_roguey, skrybe_swamp_entry_bodies, uniq_sonja
Lair:5:   statuecave_lemuel, layout_cave_pods, slime_altar_1
Lair:6:   minmay_lair_end_enchanted_forest, layout_cave_pods, grunt_megastairs_3
Swamp:1:  layout_basic_swamp, evilmike_swamp_ruin_house_5
Swamp:2:  layout_basic_swamp, evilmike_swamp_ruin_house_4
Swamp:3:  layout_basic_swamp, evilmike_swamp_ruin_house_3, swamp_pool2,
          hangedman_swamp_wriggling
Swamp:4:  swamp_alternative, layout_basic_swamp

Skill      XL: |  1  2  3  4  5  6  7  8  9 10 11 12 13 |
---------------+----------------------------------------+-----
Fighting       | 3 4 5 6 7 8 10 | 10.3
Axes           | 3 4 5 6 8 9 11 12 14 | 14.3
Armour         | 4 5 6 7 8 9 10 | 10.7
Shields        | 4 5 6 7 8 9 10 | 10.9
Invocations    | 2 4 6 8 10 15 | 15.1

Action                   |  1- 3 |  4- 6 |  7- 9 | 10-12 | 13-15 || total
-------------------------+-------+-------+-------+-------+-------++-------
Melee: War axe           |    53 |   146 |   567 |     3 |       ||   769
       Broad axe         |       |       |       |   440 |   354 ||   794
Invok: Lesser Servant of |       |       |       |     2 |     1 ||     3
       Greater Servant o |       |       |       |       |     2 ||     2
 Abil: Heal Wounds       |     2 |     4 |    26 |    12 |     4 ||    48
Evoke: Wand              |       |       |       |     2 |     8 ||    10
  Use: Potion            |       |       |     1 |     1 |     2 ||     4
       Scroll            |       |       |       |    22 |     5 ||    27
 Stab: Invisible         |       |       |       |     3 |       ||     3
       Distracted        |       |       |       |       |     1 ||     1
       Confused          |       |       |       |       |     1 ||     1
  Eat: Chunk             |       |     2 |     8 |    18 |     6 ||    34
Armor: Scale mail        |    30 |    55 |    32 |       |       ||   117
       Chain mail        |       |       |   324 |   226 |   257 ||   807
       Skin              |       |       |     6 |       |    46 ||    52
Dodge: Dodged            |    15 |    28 |   163 |   233 |   298 ||   737
Block: Kite shield       |    29 |    69 |   413 |   296 |   321 ||  1128

Table legend:
 A = Non-vault XP
 B = Vault XP
 C = Vault XP percentage of total XP
 D = Non-vault monster count
 E = Vault monster count
 F = Vault count percentage of total count
                 A         B        C        D         E       F
            +---------+---------+-------+---------+---------+-------
      Total |   41674 |   24842 |  37.3 |     273 |     132 |  32.6
            +---------+---------+-------+---------+---------+-------
        D:1 |       7 |       0 |   0.0 |       4 |       0 |   0.0
        D:2 |      52 |       0 |   0.0 |       8 |       0 |   0.0
        D:3 |      34 |       0 |   0.0 |       5 |       0 |   0.0
        D:4 |     502 |       0 |   0.0 |      15 |       0 |   0.0
        D:5 |     489 |       0 |   0.0 |      24 |       0 |   0.0
        D:6 |    1519 |       0 |   0.0 |      32 |       0 |   0.0
        D:7 |    1789 |     767 |  30.0 |      36 |      10 |  21.7
        D:8 |     135 |    2775 |  95.4 |       7 |       6 |  46.2
     Lair:1 |    1954 |       0 |   0.0 |      14 |       0 |   0.0
     Lair:2 |    3121 |       0 |   0.0 |      13 |       0 |   0.0
     Lair:3 |    3552 |    1226 |  25.7 |      16 |      14 |  46.7
     Lair:4 |    6217 |    1332 |  17.6 |      22 |       3 |  12.0
     Lair:5 |    3982 |       0 |   0.0 |      12 |       0 |   0.0
     Lair:6 |    7443 |   10595 |  58.7 |      29 |      51 |  63.8
    Swamp:1 |    4367 |       0 |   0.0 |      16 |       0 |   0.0
    Swamp:2 |    1060 |       0 |   0.0 |       2 |       0 |   0.0
    Swamp:3 |    3114 |    1299 |  29.4 |      10 |       6 |  37.5
    Swamp:4 |    2337 |    2650 |  53.1 |       8 |       5 |  38.5
    Ossuary |       0 |     542 | 100.0 |       0 |      30 | 100.0
   Gauntlet |       0 |    3656 | 100.0 |       0 |       7 | 100.0
            +---------+---------+-------+---------+---------+-------
